 Dungeon Crawl Stone Soup version 0.23-a0-454-gae4fabde77 (webtiles) character file.

1283 LLavrengius the Skirmisher (level 8, 0/65 HPs)
             Began as a Formicid Fighter on Nov 24, 2018.
             Was a Follower of Makhleb.
             Slain by an ogre
             ... wielding a +0 giant spiked club
              (23 damage)
             ... on level 5 of the Dungeon.
             The game lasted 00:16:45 (4154 turns).

LLavrengius the Skirmisher (Formicid Fighter)       Turns: 4154, Time: 00:16:45

Health: 0/65       AC: 13    Str: 23    XL:     8   Next: 85%
Magic:  12/12      EV:  4    Int:  8    God:    Makhleb [*.....]
Gold:   274        SH: 15    Dex: 10    Spells: 7/7 levels left

rFire    + . .     SeeInvis +   t - +0 dagger (venom)
rCold    + . .     Gourm    .   v - +1 large shield
rNeg     . . .     Faith    .   A - +2 chain mail {rF+}
rPois    +         Spirit   .   (helmet unavailable)
rElec    .         Reflect  .   r - +0 cloak
rCorr    .         Harm     .   (no gloves)
MR       .....                  p - +0 pair of boots
Stlth    ..........             (no amulet)
HPRegen  0.20/turn              D - ring of poison resistance
MPRegen  0.13/turn              z - ring of protection from cold

@: no status effects
A: permanent stasis, dig shafts and tunnels, four strong arms, antennae 3
a: Dig, Shaft Self, Renounce Religion


You were on level 5 of the Dungeon.
You worshipped Makhleb.
Makhleb was aware of your devotion.
You were not hungry.

You visited 1 branch of the dungeon, and saw 5 of its levels.

You collected 274 gold pieces.

Inventory:

Hand Weapons
 a - a +0 long sword
 t - a +0 dagger of venom (weapon)
 w - a +2 quarterstaff of pain
 x - a +0 hunting sling
Missiles
 y - 153 stones (quivered)
 C - 23 sling bullets
Armour
 p - a +0 pair of boots (worn)
 r - a +0 cloak (worn)
 v - a +1 large shield (worn)
 A - a +2 chain mail of fire resistance (worn)
Jewellery
 g - an uncursed ring of resist corrosion
 z - a ring of protection from cold (right hand)
 D - a ring of poison resistance (left hand)
Wands
 b - a wand of acid (4)
 n - a wand of polymorph (7)
Scrolls
 c - a scroll of noise
 h - 10 scrolls of remove curse
 j - 2 scrolls of identify
 l - 2 scrolls of teleportation
 m - a scroll of fear
 o - a scroll of enchant weapon
 u - a scroll of amnesia
 E - 2 scrolls of enchant armour
Potions
 d - a potion of might
 e - 2 potions of haste
 i - a potion of lignification
 q - 2 potions of curing
 s - a potion of resistance
 B - a potion of cancellation
Comestibles
 f - 7 rations
 k - 7 chunks of flesh


   Skills:
 + Level 6.5 Fighting
 - Level 5.0 Long Blades
 + Level 4.9 Staves
 - Level 3.3 Armour
 - Level 3.6 Shields
 + Level 5.9 Invocations


You had 7 spell levels left.
You didn't know any spells.
Your spell library was empty.

Dungeon Overview and Level Annotations

Branches:
Dungeon (5/15)
 Temple: D:4-7

Altars:
Makhleb
Ru


Innate Abilities, Weirdness & Mutations

You cannot be hasted, slowed, berserked, paralysed or teleported.
You can dig through walls and to a lower floor.
Your four strong arms can wield two-handed weapons with a shield.
You have a pair of large antennae on your head. (SInv)


Message History

Found a scroll of enchant armour.
C - 23 sling bullets (gained 16)
h - 10 scrolls of remove curse (gained 1)
You feel a little less mighty now.
E - 2 scrolls of enchant armour (gained 1) Some of the chunks of flesh in your inventory have rotted away.
Found a short runed staff.
Found a scroll of teleportation.
An ogre comes into view. It is wielding a +0 giant spiked club.
The ogre shouts!
Unknown command.
Your +0 dagger of venom begins to drip with poison!
t - a +0 dagger of venom (weapon)
You hit the ogre.
The ogre is poisoned.
The ogre is lightly wounded.
You block the ogre's attack.
You hit the ogre.
The ogre looks as sick as possible!
The ogre is lightly wounded.
The ogre hits you with a +0 giant spiked club!!
You die...

###### .....### #......#
######### #......# #.......#
#......# #....|..# #......#
#.......# #......# #.......#
...#'### #####.@O....#
#.##...# #.........?.#####.#
..####รท####......#######....
..+..............# ##...#
..###............# #....+ [.#
#.......###### #....# ..#
#.#####.# #....# ..# #.#
#.##### #....# ..###.#
#.#...# #....######


You could see an ogre.

Vanquished Creatures
  Pikel (D:4)
  A sky beast (D:5)
  3 slaves (D:3)
  An ogre (D:5)
  A centaur (D:5)
  A scorpion (D:5)
  2 hounds (D:5)
  An orc priest (D:3)
  An orc wizard (D:3)
  An iguana (D:5)
  A bullfrog skeleton (D:5)
  Jessica (D:2)
  Ijyb (D:5)
  Natasha (twice) (D:4)
  2 worker ants (D:4)
  Robin (D:4)
  A howler monkey skeleton (D:5)
  4 gnolls (D:4)
  4 adders
  2 oozes
  An adder zombie (D:5)
  3 worms
  4 leopard geckos
  10 orcs (D:3)
  2 giant cockroaches
  6 goblins
  9 hobgoblins
  A jackal (D:5)
  A ball python (D:3)
  5 bats
  5 frilled lizards
  A giant cockroach zombie (D:5)
  4 kobolds
  A leopard gecko zombie (D:5)
  9 rats
94 creatures vanquished.

Vanquished Creatures (others)
  A slave (D:4)
  4 goblins (D:4)
5 creatures vanquished.

Grand Total: 99 creatures vanquished

Notes
Turn   | Place    | Note
-------+----------+-------------------------------------------
     0 | D:1      | LLavrengius the Formicid Fighter began the quest for the
                  | Orb.
     0 | D:1      | Reached XP level 1. HP: 18/18 MP: 1/1
    91 | D:1      | Reached XP level 2. HP: 24/24 MP: 2/2
   588 | D:2      | Reached XP level 3. HP: 29/29 MP: 3/3
   686 | D:2      | Noticed Jessica
   690 | D:2      | Killed Jessica
   690 | D:2      | Reached XP level 4. HP: 31/35 MP: 4/4
  1379 | D:3      | Reached XP level 5. HP: 29/41 MP: 5/5
  1540 | D:3      | Found a burning altar of Makhleb.
  1556 | D:3      | Became a worshipper of Makhleb the Destroyer
  1563 | D:3      | Reached skill level 5 in Long Blades
  1879 | D:3      | Reached skill level 1 in Staves
  1879 | D:3      | Reached skill level 1 in Invocations
  2297 | D:3      | Reached XP level 6. HP: 47/48 MP: 7/7
  2396 | D:4      | Noticed a slave
  2397 | D:4      | Noticed a slave
  2397 | D:4      | Noticed Pikel
  2424 | D:3      | Killed a slave
  2428 | D:4      | Noticed a slave
  2441 | D:3      | Killed a slave
  2560 | D:3      | Killed a slave
  2627 | D:4      | Noticed a slave
  2669 | D:4      | Killed Pikel
  2669 | D:4      | Reached skill level 5 in Fighting
  2669 | D:4      | Reached XP level 7. HP: 21/56 MP: 7/10
  2804 | D:4      | Noticed Robin
  2810 | D:4      | Killed Robin
  3003 | D:4      | Reached * piety under Makhleb
  3110 | D:4      | Reached XP level 8. HP: 58/63 MP: 11/11
  3437 | D:4      | Noticed Natasha
  3446 | D:4      | Killed Natasha
  3670 | D:4      | Noticed Natasha
  3683 | D:4      | Killed Natasha
  3733 | D:5      | Entered Level 5 of the Dungeon
  3758 | D:5      | Reached skill level 5 in Invocations
  3803 | D:5      | Reached skill level 6 in Fighting
  3830 | D:5      | Found a sacrificial altar of Ru.
  3868 | D:5      | Noticed Ijyb
  3892 | D:5      | Killed Ijyb
  4154 | D:5      | Slain by an ogre

Vault maps used:
D:1:      wander_arrival_desolate
D:2:      minmay_alternating_diamond, eino_curves_01, uniq_jessica
D:3:      bloody_makhleb
D:4:      first_ration, uniq_pikel, uniq_robin, uniq_natasha
D:5:      nicolae_overflow_hidden_temple, nicolae_ru_path_of_blood,
          gup_sewer_entry_spiral, uniq_ijyb

Skill      XL: |  1  2  3  4  5  6  7  8 |
---------------+-------------------------+-----
Long Blades    | 3 4 5 |  5.0
Staves         | 1 3 4 |  4.9
Invocations    | 1 4 5 |  5.9
Fighting       | 5 6 |  6.5
Armour         | |  3.3
Shields        | |  3.6

Action                   |  1- 3 |  4- 6 |  7- 9 || total
-------------------------+-------+-------+-------++-------
Melee: Long sword        |    57 |    75 |       ||   132
       Quarterstaff      |       |   115 |   142 ||   257
       Dagger            |       |     7 |     2 ||     9
 Fire: Hunting sling     |       |       |     4 ||     4
 Abil: Dig               |       |     1 |       ||     1
  Use: Potion            |       |     3 |     2 ||     5
       Scroll            |       |       |    13 ||    13
  Eat: Chunk             |       |     6 |     5 ||    11
Armor: Scale mail        |    27 |    63 |     6 ||    96
       Chain mail        |       |       |    40 ||    40
Dodge: Dodged            |    18 |    31 |    17 ||    66
Block: Shield            |    35 |    16 |       ||    51
       Large shield      |       |   124 |   100 ||   224
       Rpst.: Long sword |     6 |     2 |       ||     8

Table legend:
 A = Non-vault XP
 B = Vault XP
 C = Vault XP percentage of total XP
 D = Non-vault monster count
 E = Vault monster count
 F = Vault count percentage of total count
                 A         B        C        D         E       F
            +---------+---------+-------+---------+---------+-------
      Total |    1032 |     802 |  43.7 |      77 |      14 |  15.4
            +---------+---------+-------+---------+---------+-------
        D:1 |      15 |       0 |   0.0 |      10 |       0 |   0.0
        D:2 |      49 |      43 |  46.7 |      18 |       4 |  18.2
        D:3 |     162 |       0 |   0.0 |      24 |       0 |   0.0
        D:4 |     167 |     723 |  81.2 |       9 |       9 |  50.0
        D:5 |     639 |      36 |   5.3 |      16 |       1 |   5.9
            +---------+---------+-------+---------+---------+-------
